Map: Interloper LE

Players

Elazer - Winner!

  • Race: Zerg Zerg
  • Spawn Location: 11:00

Kelazhur

  • Race: Terran Terran
  • Spawn Location: 5:00

Event: 2017 WCS Global Finals

VOD

Have the link to the VOD?

Description

Time

  • Played on: Oct. 28, 2017, 4:09 p.m.
  • Length: 10:06

All games in this series

Show
View Real Time Build Order
Export as new Build Order

Elazer Zerg - Winner!

Build Orders: Hatch First 

Get SALT Encoding   

  12  0:00  Drone  
  13  0:12  Overlord  
  13  0:17  Drone  
  14  0:31  Drone x2  
  16  0:48  Hatchery  
  15  0:52  Drone  
  15  0:55  Drone  
  17  0:58  Drone  
  18  1:09  Extractor  
  17  1:14  Spawning Pool  
  17  1:18  Drone  
  17  1:20  Drone  
  18  1:28  Drone  
  19  1:42  Overlord  
  19  1:50  Drone  
  20  2:01  Queen x2  
  20  2:02  Zergling x4  
  26  2:10  Metabolic Boost  
  26  2:11  Drone  
  26  2:13  Drone  
  28  2:22  Drone x2  
  30  2:33  Drone x2  
  30  2:36  Queen  
  31  2:38  Extractor  
  33  2:47  Pneumatized Carapace  
  33  2:48  Overlord  
  33  2:52  Drone  
  33  2:55  Drone  
  35  3:08  Zergling x6  
  35  3:12  Queen, Drone x2  
  40  3:14  Overlord  
  40  3:17  Drone  
  43  3:32  Drone, Hatchery  
  43  3:34  Drone  
  43  3:35  Drone  
  43  3:36  Drone  
  43  3:39  Drone  
  47  3:44  Overlord  
  47  3:45  Drone  
  47  3:46  Drone  
  49  3:49  Drone  
  49  3:50  Drone  
  51  3:57  Lair  
  51  4:02  Queen  
  53  4:04  Zergling x4  
  53  4:07  Zergling x2  
  53  4:08  Zergling x2  
  56  4:11  Zergling x2  
  56  4:16  Zergling x8  
  59  4:25  Overlord  
  59  4:29  Overlord  
  59  4:35  Extractor, Zergling x2, Evolution Chamber  
  59  4:36  Baneling Nest, Zergling x6  
  59  4:41  Overlord  
  59  4:47  Drone x2  
  59  4:51  Overlord  
  61  4:54  Zergling x2  
  59  5:01  Zergling x4  
  59  5:04  Queen  
  59  5:05  Queen  
  64  5:07  Overlord  
  64  5:10  Zergling x8  
  68  5:17  Zergling x10  
  68  5:20  Baneling x4  
  73  5:22  Zergling x2  
  73  5:27  Zergling x2  
  73  5:28  Zergling x6  
  78  5:33  Zergling x2  
  78  5:37  Drone  
  78  5:38  Extractor, Drone, Roach Warren  
  75  5:43  Drone x2  
  75  5:44  Drone  
  75  5:48  Drone x2  
  78  6:01  Overlord  
  78  6:02  Drone  
  78  6:03  Drone  
  80  6:11  Overlord  
  75  6:20  Roach x8  
  86  6:27  Roach x4  
  86  6:31  Roach  
  86  6:32  Roach  
  87  6:38  Roach  
  87  6:39  Roach x2  
  87  6:42  Roach  
  87  6:46  Roach  
  89  6:49  Ravager x3  
  89  6:51  Zergling x2  
  89  6:52  Zergling x2  
  89  6:53  Ravager  
  95  6:56  Zergling x2  
  95  6:59  Overlord  
  95  7:01  Extractor  
  95  7:02  Ravager  
  95  7:06  Zergling x2  
  95  7:07  Zergling x2  
  98  7:24  Roach  
  98  7:25  Roach x3  
  98  7:26  Overlord  
  103  7:35  Zergling x14  
  94  7:43  Roach x8  
  105  7:51  Zergling x6  
  101  7:57  Roach  
  101  7:58  Roach x2  
  104  8:03  Roach x2  
  104  8:05  Zergling x2  
  101  8:10  Ravager x2  
  101  8:13  Zergling x4  
  101  8:15  Drone  
  98  8:27  Drone  
  98  8:29  Drone x2  
  98  8:30  Drone  
  98  8:31  Drone x2  
  98  8:33  Drone x4  
  99  8:39  Drone  
  95  8:41  Evolution Chamber  
  95  8:42  Zergling x8  
  95  8:46  Centrifical Hooks  
  97  8:59  Zergling x10  
  97  9:00  Hatchery  
  100  9:04  Zergling x8  
  90  9:14  Zergling x6  
  83  9:20  Overlord  
  83  9:22  Drone x3  
  83  9:23  Drone  
  84  9:28  Drone x3  
  84  9:29  Drone  
  86  9:33  Hydralisk Den, Drone  
  86  9:37  Zergling x10  
  89  9:43  Overlord  
  89  9:45  Overlord  
Show
View Real Time Build Order
Export as new Build Order

Kelazhur Terran 

Build Orders: Reaper Expand 

Get SALT Encoding   

  12  0:00  SCV  
  13  0:12  SCV  
  14  0:17  Supply Depot  
  14  0:24  SCV  
  15  0:38  SCV  
  15  0:40  Barracks  
  16  0:44  Refinery  
  16  0:50  SCV  
  17  1:02  SCV  
  18  1:15  SCV  
  19  1:27  Reaper, Orbital Command  
  20  1:40  Command Center  
  20  1:48  Supply Depot  
  20  1:52  SCV  
  21  1:59  Reaper  
  22  2:01  Refinery  
  22  2:04  SCV  
  23  2:17  SCV  
  23  2:21  Factory  
  24  2:29  SCV  
  25  2:33  Barracks Reactor  
  25  2:41  SCV  
  26  2:53  Orbital Command  
  26  2:54  SCV  
  27  3:07  Starport  
  27  3:08  SCV  
  28  3:16  Hellion x2  
  28  3:18  SCV  
  33  3:20  SCV, Barracks Tech Lab  
  33  3:21  Supply Depot  
  34  3:30  SCV  
  34  3:33  SCV  
  36  3:37  Hellion  
  36  3:38  Hellion  
  40  3:43  SCV  
  40  3:45  Supply Depot, SCV  
  42  3:51  Viking  
  42  3:55  SCV  
  45  3:57  SCV  
  45  4:01  Bunker  
  46  4:07  SCV, Hellion x2  
  44  4:18  SCV  
  44  4:21  SCV  
  43  4:25  Liberator  
  43  4:28  Hellion x2  
  43  4:32  SCV  
  43  4:34  SCV  
  45  4:44  SCV  
  49  4:46  SCV  
  49  4:51  Command Center  
  50  4:58  SCV  
  50  4:59  Command Center  
  51  5:01  SCV  
  51  5:03  Barracks Tech Lab  
  52  5:09  Supply Depot  
  52  5:10  SCV  
  52  5:13  SCV  
  54  5:20  Factory Reactor  
  54  5:24  Barracks  
  54  5:25  Barracks  
  54  5:30  Marine  
  54  5:31  SCV x2  
  57  5:39  Supply Depot  
  56  5:43  SCV x2  
  56  5:48  Command Center, Marine  
  58  5:55  SCV x2  
  60  5:57  Starport Reactor  
  60  6:03  Bunker  
  60  6:04  Cyclone x2  
  60  6:06  Marine  
  60  6:07  SCV x2  
  66  6:17  Marine  
  65  6:25  SCV  
  62  6:26  SCV, Marine  
  62  6:27  Marine  
  62  6:32  Marine  
  55  6:37  SCV  
  54  6:41  SCV  
  55  6:49  SCV  
  55  6:50  Marine  
  55  6:51  Marine  
  55  6:52  Engineering Bay  
  55  6:53  Engineering Bay, SCV  
  55  6:54  Marine  
  59  6:56  Medivac  
  62  7:03  Supply Depot  
  62  7:05  Marine  
  62  7:06  SCV  
  62  7:10  Bunker  
  62  7:17  Marine  
  62  7:19  SCV  
  62  7:22  Medivac, Siege Tank, SCV, Marine x2  
  70  7:25  Marine x2  
  68  7:30  Medivac  
  68  7:31  SCV  
  68  7:34  SCV  
  54  7:43  SCV, Marine  
  46  7:45  Marine  
  46  7:46  SCV  
  46  7:49  Marine  
  43  7:55  SCV  
  42  7:59  SCV, Marine  
  44  8:07  SCV  
  44  8:09  Viking  
  44  8:10  Marine  
  44  8:11  SCV, Marine x3  
  52  8:19  SCV  
  53  8:23  SCV  
  53  8:29  Siege Tank  
  39  8:43  Marine x4  
  39  8:44  Marine  
  42  9:01  Marine x2  
  38  9:09  SCV x2  
  32  9:11  Marine  
  32  9:13  Marine  
  27  9:21  SCV, Marine  
  27  9:22  Orbital Command, Marine  
  24  9:29  Marine  
  24  9:30  Marine  
  23  9:38  Marine  
  23  9:40  Marine  
  25  9:47  Marine  
Tags
 
Add a new tag
Caveats
  • Supply blocks, unpowered buildings, or Contaminate may cause inaccurate times.
  • Supply counts are checked every 10 seconds.